 Dungeon Crawl Stone Soup version 0.21.1-1-g345015f (webtiles) character file.

97 inc the Magician (level 4, -1/27 HPs)
             Began as an Octopode Ice Elementalist on May 1, 2018.
             Slain by a hound (4 damage)
             ... on level 5 of the Dungeon.
             The game lasted 00:04:47 (2661 turns).

inc the Magician (Octopode Ice Elementalist)        Turns: 2661, Time: 00:04:48

Health: -1/27      AC:  1    Str:  7    XL:     4   Next: 68%
Magic:  5/10       EV: 13    Int: 18    God:
Gold:   91         SH:  0    Dex: 12    Spells: 10/11 levels left

rFire    . . .     SeeInvis .   g - +0 short sword
rCold    . . .     Gourm    .   (no shield)
rNeg     . . .     Faith    .   (helmet restricted)
rPois    .         Spirit   .   (no amulet)
rElec    .         Reflect  .   (no ring)
rCorr    .         Harm     .   (no ring)
MR       .....                  (no ring)
Stlth    +++.......             (no ring)
HPRegen  0.09/turn              (no ring)
MPRegen  0.12/turn              (no ring)
                                (no ring)
                                (no ring)

@: no status effects
A: almost no armour, stealthy swim, amphibious, 8 rings, constrict 8, camouflage
1, gelatinous body 1
a: no special abilities


You were on level 5 of the Dungeon.
You were full.

You visited 1 branch of the dungeon, and saw 4 of its levels.

You collected 91 gold pieces.

Inventory:

Hand Weapons
 g - a +0 short sword (weapon)
Scrolls
 b - 2 scrolls of amnesia {unknown}
 c - 3 scrolls of identify {unknown}
 d - a scroll of fear {unknown}
 f - a scroll of fog {unknown}
 h - 2 scrolls of blinking {unknown}
 l - a scroll of immolation {unknown}
Potions
 e - 2 potions of heal wounds {unknown}
 i - a potion of haste {unknown}
 j - 2 potions of curing {unknown}
 m - a potion of ambrosia {unknown}
Books
 a - a book of Frost

   Spells                             Type                      Level
   a - Freeze                         Ice                          1
   b - Throw Frost                    Conjuration/Ice              2
   c - Ozocubu's Armour               Charms/Ice                   3
   d - Throw Icicle                   Conjuration/Ice              4
   e - Summon Ice Beast               Ice/Summoning                4
Comestibles
 k - a ration


   Skills:
 - Level 2.0 Dodging
 - Level 2.6 Stealth
 + Level 4.4 Spellcasting
   Level 1.0 Conjurations
 - Level 3.0 Ice Magic


You had 10 spell levels left.
You knew the following spells:

 Your Spells              Type           Power        Failure   Level  Hunger
a - Freeze                Ice            ##..         4%          1    None


Dungeon Overview and Level Annotations

Branches:
Dungeon (3/15)

Altars:
Makhleb
Okawaru


Innate Abilities, Weirdness & Mutations

You cannot wear most types of armour.
You are very stealthy in the water. (Stealth+)
You are amphibious.
You can wear up to eight rings at the same time.
You can use your tentacles to constrict eight enemies at once.
Your skin changes colour to match your surroundings (Stealth+).
Your rubbery body absorbs attacks. (AC +1, EV +1)


Message History

The hound closely misses you. The hound bites you.
Casting: Freeze
Confirm with . or Enter, or press ? or * to list all spells.
Aiming: Freeze
Press: ? - help, Shift-Dir - straight line, f/p - hound
Aim: a hound (severely wounded)
You freeze the hound.
The hound is almost dead.
The hound bites you.
Casting: Freeze
Confirm with . or Enter, or press ? or * to list all spells.
Aiming: Freeze
Press: ? - help, Shift-Dir - straight line, f/p - hound
Aim: a hound (almost dead)
You freeze the hound.
The hound is almost dead.
The hound bites you.
* * * LOW HITPOINT WARNING * * *
The hound bites you.
You die...

#.......# ..
#.......######..
...............!
........(..#.#..
................
.............#
.......S....###.
#.@.......
#..>.h!..#.#
#.........###
#..###.....# ..
#....<# ###....
...... #....##


You could see a hound and an adder.

Vanquished Creatures
  An iguana (D:2)
  2 oozes (D:2)
  A worm (D:2)
  2 dart slugs
  A leopard gecko (D:2)
  A ball python (D:1)
  2 giant cockroaches
  6 goblins
  10 hobgoblins
  11 bats
  4 frilled lizards
  6 kobolds
  7 rats
54 creatures vanquished.

Notes
Turn   | Place    | Note
-------+----------+-------------------------------------------
     0 | D:1      | inc the Octopode Ice Elementalist began the quest for the Orb.
     0 | D:1      | Reached XP level 1. HP: 11/11 MP: 3/3
   260 | D:1      | Reached XP level 2. HP: 17/17 MP: 0/5
   430 | D:1      | Reached skill level 3 in Spellcasting
   874 | D:1      | Reached XP level 3. HP: 18/21 MP: 7/7
  1294 | D:2      | Found an iron altar of Okawaru.
  1590 | D:2      | Found a burning altar of Makhleb.
  1911 | D:2      | Reached skill level 4 in Spellcasting
  1911 | D:2      | Reached XP level 4. HP: 11/27 MP: 3/10
  1914 | D:2      | HP: 1/27 [ooze (3)]
  2655 | D:3      | You fall through a shaft for 2 floors!
  2655 | D:5      | Entered Level 5 of the Dungeon
  2661 | D:5      | Slain by a hound

Skill      XL: |  1  2  3 |
---------------+----------+-----
Spellcasting   | 3 4 |  4.4
Dodging        | |  2.0
Stealth        | |  2.6
Conjurations   | |  1.0
Ice Magic      | |  3.0

Action                   |  1- 3 |  4- 6 || total
-------------------------+-------+-------++-------
Melee: Unarmed           |    13 |       ||    13
       Short sword       |    27 |    18 ||    45
       Constrict         |    10 |     4 ||    14
       Tentacles         |     8 |     5 ||    13
 Cast: Freeze            |    48 |    12 ||    60
 Stab: Sleeping          |     5 |     3 ||     8
  Eat: Ration            |     3 |       ||     3
       Chunk             |     1 |       ||     1
Armor: Skin              |    16 |     2 ||    18
Dodge: Dodged            |    55 |    11 ||    66
